Unix NetHack Version 5.0.0-0 post-release - last build May 23 2026 06:08:33 (1c0ff79ee797540d5714e4e18072db0edd9e58ae,branch:main).

Game began 2026-05-24 03:05:33, ended 2026-05-24 03:26:08.

Eldrich, lawful male human Archeologist

   ---------------
   |.............|    ------         ----
   |..............#   |.....###@d##  ..$+                   ------
   |.....^.......|#   |....|      #.....|                  #....<|
   --.------------#   |..>.|        ....|                  #|....|
     #            #   |*...|          ..|                  #|.....
     #            #   -.----          ---                  #------
     #            #    ####*##`                            ##
     #            #    #      ##                            #
     #            #    #       `######  #                   #
     #            #   ##             ####*###               #
     #            #---.-------        ###   ###             #
     #            #|.........|        #-------`########     #
  ---|-           #|.........|         |.....|       -|-----#
  |*..|           #-..........         |...{.|       |.....|#
  |.=.|            |.........|         |......#      |..%...#
  |=..|            -----------         |`....|####   |.....|
  -----                                |.....|   ####-...>.|
                                       -------       -------

Eldrich the Field Worker   St:11 Dx:8 Co:10 In:18 Wi:15 Ch:13  Lawful
Dlvl:3  $:34 HP:0(24) Pw:11(11) AC:9  Xp:3 T:1406 

Latest messages:
 You hear the footsteps of a guard on patrol.
 You see here a +0 pick-axe.
 e - a +0 pick-axe.
 You swap places with your kitten.
 You hear someone counting gold coins.
 You see here a rock.
 The kitten picks up a rock.
 The kitten drops a rock.
 This door is locked.
 This door is locked.
 This door is locked.
 This door is locked.
 This door is locked.
 This door is locked.
 In what direction? 6
 Thwack!!
 In what direction? 6
 Whammm!!
 In what direction? 6
 As you kick the door, it crashes open!
 You miss the jackal.
 The jackal bites!
 You kill the jackal!
 You see here a jackal corpse.
 Your kitten eats a jackal corpse.
 You kill the jackal!
 This door is locked.
 This door is locked.
 This door is locked.
 In what direction? 6
 Whammm!!
 In what direction? 6
 As you kick the door, it crashes open!
 The little dog bites!
 You lash the little dog.
 The little dog bites!
 You miss the little dog.
 The little dog bites!
 The little dog bites!
 The kitten bites the little dog.
 The kitten bites the little dog.
 The little dog bites the kitten.
 The little dog bites!
 The little dog bites!
 You die...
 Do you want your possessions identified? [ynq] (y) y
 Do you want to see your attributes? [ynq] (y) n
 Do you want an account of creatures vanquished? [ynaq] (y) n
 Do you want to see your conduct and achievements? [ynq] (y) n
 Do you want to see the dungeon overview? [ynq] (y) n

Inventory:
 Coins    ('$')
  $ - 34 gold pieces
 Weapons  (')')
  a - a +2 bullwhip (weapon in right hand)
 Armor    ('[')
  c - an uncursed +0 fedora (being worn)
  b - an uncursed +0 leather jacket (being worn)
 Comestibles  ('%')
  d - 2 uncursed food rations
 Potions  ('!')
  k - a blessed potion of gain energy
  i - 2 uncursed potions of healing
 Rings    ('=')
  m - an uncursed ring of polymorph control (on right hand)
  o - an uncursed ring of stealth
  n - an uncursed ring of teleport control (on left hand)
 Tools    ('(')
  h - an empty uncursed sack
  j - an uncursed blindfold
  e - a +0 pick-axe
  f - a tinning kit (0:70)
 Gems/Stones  ('*')
  g - an uncursed touchstone

Eldrich the Archeologist's attributes:

Background:
 You were a Field Worker, a level 3 male human Archeologist.
 You were lawful, on a mission for Quetzalcoatl
 who was opposed by Camaxtli (neutral) and Huhetotl (chaotic).
 You were right-handed.
 You were in the Dungeons of Doom, on level 3.
 You entered the dungeon 1406 turns ago.
 It was nighttime.
 You had 61 experience points, 19 more were needed to attain level 4.

Basics:
 You had 0 out of 24 hit points.
 You had all 11 energy points (spell power).
 Your armor class was 9.
 Your wallet contained 34 zorkmids.
 Autopickup was off.

Final Characteristics:
 Your strength was 11 (limit:18/100).
 Your dexterity was 8 (limit:18).
 Your constitution was 10 (limit:18).
 Your intelligence was 18 (limit:18).
 Your wisdom was 15 (limit:18).
 Your charisma was 13 (limit:18).

Final Status:
 You weren't hungry.
 You were unencumbered.
 You were wielding a whip.
 You had basic skill with whip.

Final Attributes:
 You were devoutly aligned.
 You were telepathic.
 You had automatic searching.
 You had teleport control.
 You had polymorph control.
 You were lucky.
 You are dead.

Miscellaneous:
 You didn't encounter any bones levels.
 Total elapsed playing time was 20 minutes and 22 seconds.

Major events:
 Turn
    1: Eldrich the lawful male human Archeologist entered the dungeon
  703: entered the Gnomish Mines
  775: attained the rank of Field Worker (level 3)
 1406: killed by a little dog

You didn't know any spells.

Skills:
 Fighting Skills
   bare handed combat [Unskilled]
   two weapon combat  [Unskilled]
   riding             [Unskilled]
 Weapon Skills
   dagger             [Unskilled]
   knife              [Unskilled]
   pick-axe           [Basic]
   short sword        [Unskilled]
   saber              [Unskilled]
   club               [Unskilled]
   quarterstaff       [Unskilled]
   sling              [Unskilled]
   dart               [Unskilled]
   boomerang          [Unskilled]
   whip               [Basic]
   unicorn horn       [Unskilled]
 Spellcasting Skills
   attack spells      [Unskilled]
   healing spells     [Unskilled]
   divination spells  [Unskilled]
   matter spells      [Unskilled]

Voluntary challenges:
 Character rerolling was not enabled.
 You were illiterate.
 You never genocided any monsters.
 You never polymorphed an object.
 You never changed form.
 You used no wishes.
Achievements:
 You entered the Gnomish Mines.
 You attained the rank of Field Worker.
 You entered a shop.

 The Dungeons of Doom: levels 1 to 3
    Level 1:
       A fountain.
    Level 2:
       Some fountains.
    Level 3: <- You were here.
       A ring shop, a fountain.
       Stairs down to The Gnomish Mines.
       Final resting place for
          you, killed by a little dog.
 The Gnomish Mines:
    Level 4:


Vanquished creatures:
  a floating eye
  a wererat
 an acid blob
  a gnome zombie
  5 jackals
  a fox
  5 goblins
  a sewer rat
  3 grid bugs
  a lichen
20 creatures vanquished.

No species were genocided or became extinct.

Game over:
                       ----------
                      /          \
                     /    REST    \
                    /      IN      \
                   /     PEACE      \
                  /                  \
                  |     Eldrich      |
                  |      34 Au       |
                  |   killed by a    |
                  |    little dog    |
                  |                  |
                  |                  |
                  |       2026       |
                 *|     *  *  *      | *
        _________)/\\_//(\/(/\)/\//\/|_)_______

Goodbye Eldrich the Archeologist...

You died in The Dungeons of Doom on dungeon level 3 with 425 points,
and 34 pieces of gold, after 1406 moves.
You were level 3 with a maximum of 24 hit points when you died.

